 Dungeon Crawl Stone Soup version 0.29.1-12-g30fa7ad0bf (webtiles) character file.

Game seed: 4388344895372927988

60 hawla the Chiller (level 4, 0/33 HPs)
             Began as a Meteoran Ice Elementalist on Jan 6, 2023.
             Slain by a black bear (1 damage)
             ... on level 5 of the Dungeon.
             The game lasted 00:03:22 (542 turns).

hawla the Chiller (Meteoran Ice Elementalist)        Turns: 542, Time: 00:03:22

Health: 0/33       AC:  2    Str:  9    XL:     4   Next: 48%
Magic:  1/10       EV: 12    Int: 18    God:
Gold:   40         SH:  0    Dex: 15    Spells: 6/10 levels left

rFire   . . .      SeeInvis +   (no weapon)
rCold   . . .      Faith    .   (no shield)
rNeg    . . .      Spirit   .   a - +0 robe
rPois   .          Reflect  .   (no helmet)
rElec   .          Harm     .   (no cloak)
rCorr   .          Rampage  .   (no gloves)
Will    .....                   (no boots)
Stlth   +.........              (no amulet)
HPRegen 0.11/turn               c - ring of see invisible
MPRegen 0.12/turn               (no ring)

@: freezing walls, glowing
A: sense surroundings 1, otherworldly, glowing, explore regen
a: no special abilities


You were on level 5 of the Dungeon.
You visited 1 branch of the dungeon, and saw 5 of its levels.

You collected 40 gold pieces.

Inventory:

Armour
 a - a +0 robe (worn)
Jewellery
 c - a ring of see invisible (left hand)
Potions
 b - a potion of magic


   Skills:
 + Level 2.6 Dodging
 - Level 1.4 Stealth
 + Level 3.6 Spellcasting
 + Level 5.5 Ice Magic


You had 6 spell levels left.
You knew the following spells:

 Your Spells              Type           Power      Damage    Failure   Level
a - Freeze                Ice            92%        1d10      1%          1
b - Frozen Ramparts       Ice            46%        1d7       4%          3

Your spell library contained the following spells:

 Spells                   Type           Power      Damage    Failure   Level
 Ozocubu's Armour         Ice            23%        N/A       4%          3
 Hailstorm                Conj/Ice       13%        3d5       43%         4


Dungeon Overview and Level Annotations

Branches:
Dungeon (5/15) Zot: 2475
 Temple: D:4-7

Altars:

Annotations:
D:4 Blork the orc, Pikel


Innate Abilities, Weirdness & Mutations

You passively map a small area around you.
You are easily found by Zot.
You glow in the dark.
You regain HP and MP as you explore.


Message History

Your frozen ramparts will break if you move.
Continue?
The frozen ramparts melt away as you move.
As you read the scroll labelled REIMPU AKLEIPH, it crumbles to dust.
It was a scroll of blinking.
As you read the scroll of identify, it crumbles to dust.
g - a potion of degeneration Autopickup disabled for potions of degeneration.
You drop a potion of degeneration.
Casting: Freeze (safe; 1% risk of failure)
Confirm with . or Enter, or press ? or * to list all spells.
Casting: Frozen Ramparts (dangerous; 4% risk of failure)
Press: ? - help, Dir - look around, f - activate The walls around you are covered in ice.
Casting: Frozen Ramparts (dangerous; 4% risk of failure)
Confirm with . or Enter, or press ? or * to list all spells.
Aiming: Freeze (safe; 1% risk of failure)
Press: ? - help, Shift-Dir - straight line, f - black bear
Aim: a black bear (moderately wounded)
You freeze the black bear.
The black bear is moderately wounded.
The wall freezes the black bear.
The black bear barely misses you. The black bear claws you.
* * * LOW HITPOINT WARNING * * *
The black bear claws you.
* * * LOW HITPOINT WARNING * * *
The ice beast completely resists.
The wall freezes the ice beast but does no damage.
Casting: Freeze (safe; 1% risk of failure)
Confirm with . or Enter, or press ? or * to list all spells.
Aiming: Freeze (safe; 1% risk of failure)
Press: ? - help, Shift-Dir - straight line, f/p - black bear
Aim: a black bear (moderately wounded)
You freeze the black bear.
The black bear is heavily wounded.
The wall freezes the black bear.
The black bear bites you.
* * * LOW HITPOINT WARNING * * *
The black bear claws you.
* * * LOW HITPOINT WARNING * * *
The black bear claws you.
You die...

* ,
##########........
##...#...##........
##.........#..!.....
#...................
#....!..[..........≈
#.................≈≈
##..Y......#)†....~~
##@h.#.....<.....≈≈
############.....≈
*..... .... ** * *
##. ,, ,,, ,* , , ,
, , , *, * ,


You could see a black bear and an ice beast.

Vanquished Creatures
  A hound (D:5)
  An orc (D:5)
  6 endoplasms
  5 goblins
  5 hobgoblins
  2 kobolds
  A quokka (D:4)
  A bat (D:1)
  A frilled lizard (D:2)
  4 rats
27 creatures vanquished.

Vanquished Creatures (others)
  A plant (D:3)
1 creature vanquished.

Grand Total: 28 creatures vanquished

Notes
Turn   | Place    | Note
-------+----------+-------------------------------------------
     0 | D:1      | hawla the Meteoran Ice Elementalist began the quest for the
                  | Orb.
     0 | D:1      | Reached XP level 1. HP: 14/14 MP: 5/5
    55 | D:1      | Reached XP level 2. HP: 20/20 MP: 3/6
   123 | D:1      | Reached skill level 5 in Ice Magic
   227 | D:2      | Reached XP level 3. HP: 26/26 MP: 6/8
   250 | D:2      | Learned a level 3 spell: Frozen Ramparts
   465 | D:4      | Noticed a lemure
   465 | D:4      | Noticed Blork the orc
   466 | D:4      | Noticed Pikel
   466 | D:4      | Noticed a lemure
   467 | D:4      | Noticed a lemure
   525 | D:5      | Entered Level 5 of the Dungeon
   525 | D:5      | Noticed a black bear
   527 | D:5      | Noticed an ice beast
   532 | D:5      | Reached XP level 4. HP: 17/33 MP: 3/10
   542 | D:5      | HP: 1/33 [black bear (1)]
   542 | D:5      | Slain by a black bear

Illustrated notes

Levels and vault maps discovered:
D:1:      nicolae_arrival_memento_mori, layout_basic, palyth_stone_intersect,
          minivault_4
D:2:      layout_loops_corners, hellmonk_ecumenical_altar_inner_sanctum,
          basic_altar, uniq_sigmund
D:3:      layout_rooms, lemuel_tele_altar, minivault_24, serial_bayou_pond_b
D:4:      layout_layer_cave, grunt_gozag_statues, uniq_duvessa,
          uniq_blork_the_orc, uniq_pikel, uniq_eustachio
D:5:      layout_rooms, elyvilon_altar_3, serial_shops, nicolae_shop_trees,
          enter_ossuary_2

Skill      XL: |  1  2  3 |
---------------+----------+-----
Ice Magic      | 5 |  5.5
Spellcasting   | 3 |  3.6
Dodging        | |  2.6
Stealth        | |  1.4

Action                   |  1- 3 |  4- 6 || total
-------------------------+-------+-------++-------
Melee: Unarmed           |     3 |       ||     3
 Cast: Freeze            |    36 |     3 ||    39
       Frozen Ramparts   |     3 |     1 ||     4
  Use: Scroll            |     2 |     2 ||     4
       Potion            |     1 |       ||     1
Armor: Robe              |     3 |     1 ||     4
Dodge: Dodged            |    16 |     1 ||    17
